 Dungeon Crawl Stone Soup version 0.29-a0-322-g68df515428 (webtiles) character file.

Game seed: 16919363962305090255

52 HotDog the Covered (level 3, -4/24 HPs)
             Began as a Gargoyle Fighter on Apr 7, 2022.
             Slain by a gnoll
             ... wielding a +0 flail
              (5 damage)
             ... on level 2 of the Dungeon.
             The game lasted 00:01:15 (1733 turns).

HotDog the Covered (Gargoyle Fighter)               Turns: 1733, Time: 00:01:16

Health: -4/24      AC: 10    Str: 21    XL:     3   Next: 85%
Magic:  3/3        EV:  9    Int:  8    God:
Gold:   78         SH:  4    Dex:  9    Spells: 2/2 levels left

rFire   . . .      SeeInvis .   a - +0 flail
rCold   . . .      Faith    .   c - +0 buckler
rNeg    + . .      Spirit   .   b - +0 scale mail
rPois   ∞          Reflect  .   (no helmet)
rElec   +          Harm     .   (no cloak)
rCorr   .          Rampage  .   (no gloves)
Will    .....                   (no boots)
Stlth   ..........              (no amulet)
HPRegen 0.08/turn               (no ring)
MPRegen 0.08/turn               (no ring)

@: no status effects
A: sickness immunity, AC +3, negative energy resistance 1, electricity
resistance, torment resistance 1, petrification resistance
a: no special abilities


You were on level 2 of the Dungeon.
You visited 1 branch of the dungeon, and saw 2 of its levels.

You collected 78 gold pieces.

Inventory:

Hand Weapons
 a - a +0 flail (weapon)
Armour
 b - a +0 scale mail (worn)
 c - a +0 buckler (worn)
Jewellery
 e - a ring of flight
Scrolls
 f - 2 scrolls of enchant weapon {unknown}
Potions
 d - a potion of might
 g - a potion of curing {unknown}


   Skills:
 * Level 3.7 Fighting
 * Level 2.5 Maces & Flails
 * Level 3.8 Armour
 * Level 0.3 Dodging
 * Level 3.6 Shields
 * Level 0.7 Invocations


You had 2 spell levels left.
You didn't know any spells.
Your spell library contained the following spells:

 Spells                   Type           Power      Damage    Failure   Level
 Conjure Flame            Conj/Fire      0%         6-21      99%         3
 Ignite Poison            Fire/Tmut/Pois 0%         N/A       99%         3
 Sticky Flame             Conj/Fire      0%         2d3       100%        4


Dungeon Overview and Level Annotations

Branches:
Dungeon (2/15)

Altars:

Shops:
D:1 !


Innate Abilities, Weirdness & Mutations

You are immune to sickness and miasma.
Your stone body is resilient. (AC +3)
You are immune to poison.
You resist negative energy. (rN+)
You are resistant to electric shocks. (rElec)
You are resistant to unholy torment.
You are immune to petrification.


Message History

The gnoll shouts!
A gnoll comes into view. It is wielding a +0 whip.
There are monsters nearby!
Found a white potion.
A gnoll comes into view. It is wielding a +0 flail.
There are monsters nearby!
Found 15 gold pieces.
The gnoll hits you with a +0 whip.
There are monsters nearby!
You hit the gnoll.
The gnoll is lightly wounded.
A nearby plant withers and dies.
A frilled lizard comes into view.
There are monsters nearby!
The frilled lizard hisses angrily.
You sock the gnoll!
You kill the gnoll!
You thump the gnoll!
The gnoll is almost dead.
The gnoll closely misses you. The gnoll hits you with a +0 whip.
You closely miss the gnoll.
The gnoll is almost dead.
The gnoll hits you with a +0 whip.
The gnoll hits you but does no damage. x2
The gnoll hits you with a +0 whip. x2
* * * LOW HITPOINT WARNING * * *
Unknown command.
You are too injured to fight recklessly!
You sock the gnoll!
You kill the gnoll!
You block the gnoll's attack. x2
Found a scroll labelled WEANI IRIJ.
The gnoll barely misses you. The frilled lizard bites you.
* * * LOW HITPOINT WARNING * * *
The gnoll hits you with a +0 whip.
* * * LOW HITPOINT WARNING * * *
Things that are here:
a +0 whip; a +2 vorpal flail; a gnoll corpse The frilled lizard attacks as you move away!
The frilled lizard closely misses you. You block the gnoll's attack. x2
The gnoll attacks as you move away! The gnoll hits you with a +0 flail.
You die...

.#...P.PPP?.#
....P.P.P..#
......PP.!# #
#.PP......##
.#.#.P.....P..#
...$.....PPP..#
#....PPP...#
#.glg.....#
###@##...## #.#
## #.# #.# #.#
#.# #.# #<# ###


You could see 2 gnolls and a frilled lizard.

Vanquished Creatures
  2 gnolls (D:2)
  A dart slug (D:1)
  4 endoplasms (D:1)
  A giant cockroach (D:1)
  3 goblins (D:1)
  2 hobgoblins (D:1)
  3 jackals (D:1)
  A quokka (D:1)
  3 ball pythons (D:1)
  A bat (D:1)
  2 frilled lizards (D:1)
  7 kobolds (D:1)
  3 rats (D:1)
33 creatures vanquished.

Vanquished Creatures (others)
  A plant (D:2)
1 creature vanquished.

Grand Total: 34 creatures vanquished

Notes
Turn   | Place    | Note
-------+----------+-------------------------------------------
     0 | D:1      | HotDog the Gargoyle Fighter began the quest for the Orb.
     0 | D:1      | Reached XP level 1. HP: 14/14 MP: 1/1
   120 | D:1      | Reached XP level 2. HP: 19/19 MP: 2/2
   244 | D:1      | Found Heck's Distillery.
   722 | D:1      | Reached XP level 3. HP: 8/23 MP: 3/3
   967 | D:1      | Found a faded altar of an unknown god.
  1731 | D:2      | HP: 1/24 [gnoll/+0 whip (5)]
  1733 | D:2      | Slain by a gnoll

Illustrated notes

Levels and vault maps discovered:
D:1:      sevenhm_arrival_forest_fort_large_2, layout_basic,
          chequers_ecumenical_altar_island, serial_shops, shop, minmay_distorted
D:2:      layout_basic, nrook_uturn, nicolae_grassy_gnolls

Action                   || total
-------------------------++-------
Melee: Flail             ||    92
Armor: Scale mail        ||    44
Dodge: Dodged            ||    49
Block: Buckler           ||    18

Table legend: (Time is in decaauts)
 A = Elapsed time spent in this place.
 B = Non-inter-level travel time spent in this place.
 C = Inter-level travel time spent in this place.
 D = Time resting spent in this place.
 E = Time spent auto-exploring this place.
 F = Levels seen in this place.
 G = Mean time per level.
                   A        B        C        D        E       F      G
               +--------+--------+--------+--------+--------+-----+--------+
         Total |   1767 |   1733 |     34 |      0 |   1504 |   2 |  883.5 |
       Dungeon |   1767 |   1733 |     34 |      0 |   1504 |   2 |  883.5 |
               +--------+--------+--------+--------+--------+-----+--------+

Top non-repeatable levels by time:
     D:1: 1751 daAuts
     D:2: 16 daAuts
